 Dungeon Crawl Stone Soup version 0.28-a0-909-g796cbd3a86 (webtiles) character file.

Game seed: 13098700063538209282

53 cheechan the Grasshopper (level 3, -5/24 HPs)
             Began as an Octopode Warper on Nov 23, 2021.
             Slain by a gnoll (11 damage)
             ... on level 3 of the Dungeon on Nov 24, 2021.
             The game lasted 00:05:53 (1323 turns).

cheechan the Grasshopper (Octopode Warper)          Turns: 1323, Time: 00:05:53

Health: -5/24      AC:  1    Str: 10    XL:     3   Next: 87%
Magic:  6/6        EV: 12    Int: 15    God:
Gold:   96         SH:  3    Dex: 12    Spells: 4/6 levels left

rFire   . . .      SeeInvis .   a - +0 short sword
rCold   . . .      Faith    .   c - +0 buckler
rNeg    . . .      Spirit   .   (helmet restricted)
rPois   .          Reflect  .   (no amulet)
rElec   .          Harm     .   (no ring)
rCorr   .          Rampage  .   (no ring)
Will    .....                   (no ring)
Stlth   +++.......              (no ring)
HPRegen 0.08/turn               (no ring)
MPRegen 0.10/turn               (no ring)
                                (no ring)
                                (no ring)

@: no status effects
A: almost no armour, amphibious, 8 rings, camouflage 1, gelatinous body 1,
(nimble swimmer 1), tentacles
a: no special abilities


You were on level 3 of the Dungeon.
You visited 1 branch of the dungeon, and saw 3 of its levels.

You collected 96 gold pieces.

Inventory:

Hand Weapons
 a - a +0 short sword (weapon)
 f - a +0 long sword
Missiles
 h - a boomerang (quivered)
Armour
 c - a +0 buckler (worn)
Magical Staves
 e - a staff of fire
Scrolls
 b - 2 scrolls of blinking
 d - a scroll of teleportation {unknown}
 g - a scroll of identify {unknown}


   Skills:
 + Level 2.0 Fighting
 + Level 2.3 Short Blades
 + Level 1.3 Throwing
 + Level 2.7 Dodging
 + Level 1.3 Stealth
 + Level 0.5 Shields
 + Level 2.1 Spellcasting
 + Level 3.6 Translocations


You had 4 spell levels left.
You knew the following spells:

 Your Spells              Type           Power      Damage    Failure   Level
a - Blink                 Tloc           24%        N/A       12%         2

Your spell library contained the following spells:

 Spells                   Type           Power      Damage    Failure   Level
 Gell's Gravitas          Tloc           12%        N/A       22%         3
 Lesser Beckoning         Tloc           12%        N/A       22%         3
 Teleport Other           Tloc           12%        N/A       22%         3
 Manifold Assault         Tloc           12%        N/A       91%         5


Dungeon Overview and Level Annotations

Branches:
Dungeon (3/15)

Altars:

Shops:
D:2 =

Annotations:
D:2 Natasha
D:3 2 transporters, horus123's ghost, amateur HuGl


Innate Abilities, Weirdness & Mutations

You cannot wear most types of armour.
You are amphibious.
You can wear up to eight rings at the same time.
Your skin changes colour to match your surroundings (Stealth+).
Your rubbery body absorbs attacks. (AC +1, EV +1)
((You are camouflaged near water. (Stealth+)))
You have tentacles for arms and can constrict up to eight enemies at once.


Message History

You hit the kobold. You grab the kobold.
You squeeze the kobold, but do no damage.
The kobold is severely wounded.
You constrict the kobold.
You kill the kobold!
You hear a shout!
The adder closely misses you.
Found a stone staircase leading down.
The adder bites you.
You are poisoned.
The adder poisons you!
You feel sick.
You feel sick.
You feel sick. The adder barely misses you.
You hit the adder. Your grab misses the adder. Your squeeze misses the adder.
The adder is heavily wounded.
You feel sick.
You are no longer poisoned.
The adder bites you.
You barely miss the adder. Your grab misses the adder.
The adder is heavily wounded.
The adder bites you but does no damage.
You closely miss the adder. You grab the adder.
The adder is heavily wounded.
You constrict the adder. The adder closely misses you.
You block the adder's attack.
You hit the adder.
The adder is almost dead.
You constrict the adder.
You kill the adder!
A gnoll comes into view. It is wielding a +0 halberd.
You closely miss the gnoll. You grab the gnoll.
You constrict the gnoll, but do no damage.
The gnoll closely misses you.
The gnoll hits you from afar with a +0 halberd.
* * * LOW HITPOINT WARNING * * *
You hit the gnoll.
The gnoll is moderately wounded.
You constrict the gnoll. The gnoll barely misses you.
The gnoll hits you from afar with a +0 halberd!
You die...

......#
#..........#####..
.###### #.......S...#
## ##
...#.........#########.
#
######...###.##..).....
#.#........#
##.#.###.†### #..
##.#####
#...####.)g...#
#....@ggg.###..g#
#.>######.# #. # #..#
##..# #.# .. ...


You could see 4 gnolls.

Vanquished Creatures
  2 adders (D:3)
  2 worms (D:2)
  A bat (D:1)
  2 endoplasms
  3 giant cockroaches
  2 goblins
  6 hobgoblins
  3 quokkas (D:2)
  3 frilled lizards (D:2)
  2 kobolds
26 creatures vanquished.

Notes
Turn   | Place    | Note
-------+----------+-------------------------------------------
     0 | D:1      | cheechan the Octopode Warper began the quest for the Orb.
     0 | D:1      | Reached XP level 1. HP: 14/14 MP: 3/3
    62 | D:1      | Reached XP level 2. HP: 18/19 MP: 5/5
    65 | D:1      | Learned a level 2 spell: Blink
    92 | D:1      | Upgraded the game from 0.28-a0-906-g0406aca7d3 to
                  | 0.28-a0-909-g796cbd3a86
   138 | D:2      | Found Evemev's Jewellery Boutique.
   942 | D:2      | Reached XP level 3. HP: 10/24 MP: 6/6
   989 | D:2      | Noticed Natasha
  1187 | D:3      | Found a transporter.
  1189 | D:3      | Noticed horus123's ghost (amateur HuGl)
  1200 | D:3      | Found a transporter.
  1213 | D:3      | Reached skill level 1 in Stealth
  1323 | D:3      | Slain by a gnoll

Illustrated notes

Levels and vault maps discovered:
D:1:      minmay_arrival_four_circles, layout_loops_ring,
          dreamdust_ecumenical_altar_sealed_demon
D:2:      layout_basic, serial_shops, shop, minmay_snake_closets, uniq_natasha
D:3:      layout_rooms, marbit_many_paths, gammafunk_ghost_arena, uniq_grinder

Skill      XL: |  1  2  3 |
---------------+----------+-----
Stealth        | 1 |  1.3
Fighting       | |  2.0
Short Blades   | |  2.3
Throwing       | |  1.3
Dodging        | |  2.7
Shields        | |  0.5
Spellcasting   | |  2.1
Translocations | |  3.6

Action                   || total
-------------------------++-------
Melee: Short sword       ||    67
       Constrict         ||    16
       Tentacles         ||    11
Throw: Boomerang         ||    24
 Cast: Blink             ||     5
 Stab: Sleeping          ||     5
Armor: Skin              ||     9
Dodge: Dodged            ||    44
Block: Buckler           ||     9

Table legend: (Time is in decaauts)
 A = Elapsed time spent in this place.
 B = Non-inter-level travel time spent in this place.
 C = Inter-level travel time spent in this place.
 D = Time resting spent in this place.
 E = Time spent auto-exploring this place.
 F = Levels seen in this place.
 G = Mean time per level.
                   A        B        C        D        E       F      G
               +--------+--------+--------+--------+--------+-----+--------+
         Total |   1332 |   1332 |      0 |    548 |      0 |   3 |  444.0 |
       Dungeon |   1332 |   1332 |      0 |    548 |      0 |   3 |  444.0 |
               +--------+--------+--------+--------+--------+-----+--------+

Top non-repeatable levels by time:
     D:2: 1014 daAuts
     D:3: 204 daAuts
     D:1: 113 daAuts
